 Dungeon Crawl Stone Soup version 0.15.0-23-gc2b521c (console) character file.

19 gw the Cutter (level 2, 0/18 HPs)
             Began as a Kobold Gladiator on Sept 8, 2014.
             Slain by a jackal (1 damage)
             ... on Level 1 of the Dungeon.
             The game lasted 00:00:34 (435 turns).

gw the Cutter (Kobold Gladiator)                     Turns: 435, Time: 00:00:34

HP   0/18        AC  4     Str 13      XL: 2   Next: 95%
MP   2/2         EV 14     Int  6      God:
Gold 0           SH  0     Dex 16      Spells:  0 memorised,  1 level left

rFire  . . .     SeeInvis .     a - +0 cutlass
rCold  . . .     Clarity  .     b - +0 leather armour
rNeg   . . .     rCorr    .     (no shield)
rPois  .         rRot     .     c - +0 helmet
rElec  .         Spirit   .     (no cloak)
SustAb .         Warding  .     (no gloves)
rMut   .         Stasis   .     (no boots)
Gourm  .                        (no amulet)
MR     .....                    (no ring)
                                (no ring)

@: not resistant to hostile enchantments, very unstealthy
A: carnivore 3
a: no special abilities


You were on level 1 of the Dungeon.
You were full.

You visited 1 branch of the dungeon, and saw 1 of its levels.

Inventory:

Hand weapons
 a - a +0 cutlass (weapon)
Missiles
 d - 3 throwing nets
Armour
 b - a +0 leather armour (worn)
 c - a +0 helmet (worn)
Comestibles
 f - a meat ration
Scrolls
 e - a scroll of identify {unknown}
Potions
 g - a potion of heal wounds {unknown}


   Skills:
 + Level 2.7 Fighting
 * Level 4.7 Short Blades
 - Level 2.6 Throwing
 + Level 3.7 Dodging


You had one spell level left.
You didn't know any spells.

Dungeon Overview and Level Annotations

Branches:
Dungeon (1/15)

Altars:


Innate Abilities, Weirdness & Mutations

You are small and have problems with some larger weapons.
You are carnivorous and can eat meat at any time.


Message History

The jackal closely misses you.
You see here a jackal corpse.
MOVING TO (0,-7) MOVING TO (0,-6)
The jackal bites you.
MOVING TO (0,-5) MOVING TO (0,-4)
The jackal closely misses you.
MOVING TO (0,-3) MOVING TO (0,-2)
The jackal completely misses you.
MOVING TO (0,-1) MOVING TO (0,-8)
The jackal bites you but does no damage.
MOVING TO (0,-7) FLEEEEING!
MOVING TO (0,-6) MOVING TO (0,-5)
The jackal bites you.
You die...

#......##)##.#.#.########
#.###### .##.#.#.#
#.####.....# #.#.#
............ #.#.#
).####.....###.#.# ..#
..# #.#.# ### ..# #.# .
#.# #K# #h# #.# #.# #.#
#.# #.# #.# #.#


You could see a jackal.

Table legend:
 A = Turns spent in this place as a percentage of turns spent in the entire game.
 B = Non-inter-level travel turns spent in this place as a percentage of non-inter-level travel turns spent in the entire game.
 C = Inter-level travel turns spent in this place as a percentage of turns spent in this place.
 D = Turns resting spent in this place as a percentage of non-inter-level travel turns spent in this place.
 E = Turns spent auto-exploring this place as a percentage of non-inter-level travel turns spent in this place.
 F = Non-inter-level travel turns spent in this place divided by the number of levels of this place that you've seen.
                   A       B       C       D       E      F
               +-------+-------+-------+-------+-------+----------------------
         Total | 100.0 | 100.0 |   1.5 |   3.1 |   6.9 | 262.0
       Dungeon | 100.0 | 100.0 |   1.5 |   3.1 |   6.9 | 262.0
               +-------+-------+-------+-------+-------+----------------------

Table legend:
 A = Kills in this place as a percentage of kills in entire the game.
 B = Kills by you in this place as a percentage of kills by you in the entire game.
 C = Kills by friends in this place as a percentage of kills by friends in the entire game.
 D = Other kills in this place as a percentage of other kills in the entire game.
 E = Experience gained in this place as a percentage of experience gained in the entire game.
 F = Experience gained in this place divided by the number of levels of this place that you have seen.
                   A       B       C       D       E      F
               +-------+-------+-------+-------+-------+----------------------
         Total | 100.0 | 100.0 |  -nan |  -nan | 100.0 |  28.0
       Dungeon | 100.0 | 100.0 |  -nan |  -nan | 100.0 |  28.0
               +-------+-------+-------+-------+-------+----------------------

Vanquished Creatures
  A ball python (D:1)
  6 bats (D:1)
  A goblin (D:1)
  2 hobgoblins (D:1)
  2 jackals (D:1)
  A kobold (D:1)
  An ooze (D:1)
  2 giant newts (D:1)
  3 rats (D:1)
19 creatures vanquished.

Notes
Turn   | Place    | Note
--------------------------------------------------------------
     0 | D:1      | gw, the Kobold Gladiator, began the quest for the Orb.
     0 | D:1      | Reached XP level 1. HP: 12/12 MP: 1/1
   145 | D:1      | Reached XP level 2. HP: 18/18 MP: 2/2
   435 | D:1      | Slain by a jackal

Action                   || total
-------------------------++-------
Melee: Cutlass           ||    67
  Eat: Chunk             ||     4

Vault maps used:
D:1:      roderic_crop_circles_arrival_small, st_stairs_4
